 Dungeon Crawl Stone Soup version 0.30.0-17-ge0270778cf (webtiles) character file.

Game seed: 191420948363961568

147291 howech the Warmonger (level 16, -9/146 HPs)
             Began as a Minotaur Gladiator on May 22, 2023.
             Was a High Priest of Okawaru.
             Mangled by a vault guard
             ... wielding a +0 battleaxe
              (12 damage)
             ... on level 2 of the Vaults.
             The game lasted 02:17:48 (36463 turns).

howech the Warmonger (Minotaur Gladiator)          Turns: 36463, Time: 02:17:49

Health: -9/146     AC: 41    Str: 18    XL:     16   Next: 91%
Magic:  24/24      EV: 14    Int: 11    God:    Okawaru [*****.]
Gold:   3002       SH:  6    Dex: 19    Spells: 23/25 levels left

rFire   + . .        a - +3 lajatang (vamp)
rCold   . . .        (shield currently unavailable)
rNeg    . . .        y - +12 plate armour of Autotheism {Harm rElec rF+ Stlth+}
rPois   .            c - +2 hat
rElec   +            p - +2 cloak
rCorr   .            e - +1 pair of gloves of Sunlight {rF- Dex+4}
SInv    +            j - +2 pair of boots
Will    ++...        (no amulet) Stlth
                     S - ring of the Octopus King {rF+ HP+2 AC+2 EV+2 SH+2}
HPRegen 0.44/turn    u - ring of see invisible
MPRegen 0.19/turn

%: harm (+30% outgoing, +20% incoming)
@: no status effects
A: horns 2, retaliatory headbutt, large bone plates 1, low MP 1, strong-willed
1, wild magic 1
a: Renounce Religion, Heroism, Finesse, Duel


You were on level 2 of the Vaults.
You worshipped Okawaru.
Okawaru was extremely pleased with you.
You visited 5 branches of the dungeon, and saw 25 of its levels.
You also visited: Bailey, Ice Cave and Desolation.

You collected 3184 gold pieces.
You spent 182 gold pieces at shops.

Inventory:

Hand Weapons
 a - a +3 vampiric lajatang (weapon)
 b - a +2 quarterstaff
 k - a +0 spectral quarterstaff
 U - a +1 executioner's axe of venom
Missiles
 q - 13 atropa-tipped darts
 t - 4 silver boomerangs
 w - 46 poisoned darts
 L - 19 boomerangs (quivered)
 M - 21 javelins
 Q - 8 silver javelins
Armour
 c - a +2 hat (worn)
 e - the +1 pair of gloves of Sunlight (worn) {rF- Dex+4}
   (Okawaru gifted it to you on level 5 of the Lair of Beasts)

   Dex:       It affects your dexterity (+4).
   rF:        It makes you vulnerable to fire.
 g - the +6 buckler of Loaqidip {rElec Dex+2}
   (Okawaru gifted it to you on level 1 of the Vaults)

   Dex:       It affects your dexterity (+2).
   rElec:     It insulates you from electricity.
 j - a +2 pair of boots (worn)
 p - a +2 cloak (worn)
 y - the +12 plate armour of Autotheism (worn) {Harm rElec rF+ Stlth+}
   (You found it on level 5 of the Lair of Beasts)

   rF:        It protects you from fire.
   rElec:     It insulates you from electricity.
   Harm:      It increases damage dealt and taken.
   Stlth:     It makes you more stealthy.
 A - the +2 chain mail of Unash {Str+2 Stlth+}
   (Okawaru gifted it to you on level 14 of the Dungeon)

   Str:       It affects your strength (+2).
   Stlth:     It makes you more stealthy.
 H - a +1 scale mail of poison resistance
 V - a +0 crystal plate armour of cold resistance
Jewellery
 d - a ring of willpower
 r - a ring of protection from cold
 u - a ring of see invisible (right hand)
 O - a ring of protection from cold
 S - a ring of the Octopus King (left hand) {rF+ HP+2 AC+2 EV+2 SH+2}
   (You found it on level 1 of the Lair of Beasts)

   [ring of protection from fire]

   AC:        It affects your AC (+2).
   EV:        It affects your evasion (+2).
   rF:        It protects you from fire.
   HP:        It affects your health (+2).
   SH:        It affects your SH (+2).
 Y - the ring of the Trilobite {Drain +Blink rC- rN+++ Int+6}
   (You found it in an ice cave)

   [ring of intelligence]

   Int:       It affects your intelligence (+6).
   rC:        It makes you vulnerable to cold.
   rN:        It renders you almost immune to negative energy.
   +Blink:    It lets you blink.
   Drain:     It drains your maximum health when unequipped.
 Z - a ring of flight
Wands
 z - a wand of polymorph (17)
 D - a wand of paralysis (13)
 E - a wand of flame (13)
 F - a wand of iceblast (15)
 G - a wand of mindburst (22)
 W - a wand of digging (5)
 X - a wand of acid (4)
Scrolls
 h - 3 scrolls of fog
 n - 3 scrolls of teleportation
 v - a scroll of immolation
 B - 3 scrolls of poison
 C - 3 scrolls of fear
 J - a scroll of silence
 K - 2 scrolls of identify
 R - 3 scrolls of amnesia
Potions
 f - 2 potions of magic
 i - 6 potions of curing
 s - a potion of haste
 x - 5 potions of brilliance
 I - 3 potions of cancellation
Miscellaneous
 o - a phantom mirror


   Skills:
 + Level 13.3 Fighting
 + Level 10.0 Axes
 - Level 14.0 Staves
 - Level 5.0 Throwing
 + Level 13.3 Armour
 + Level 12.4 Dodging
 - Level 5.0 Spellcasting
 - Level 5.0 Transmutations
 * Level 15.9 Invocations
 + Level 8.2 Evocations


You had 23 spell levels left.
You knew the following spells:

 Your Spells              Type           Power      Damage    Failure   Level
a - Passwall              Tmut/Erth      8%         N/A       92%         2

Your spell library contained the following spells:

 Spells                   Type           Power      Damage    Failure   Level
 Freeze                   Ice            12%        1d3       99%         1
 Magic Dart               Conj           12%        1d3       99%         1
 Ensorcelled Hibernation  Hex/Ice        6%         N/A       99%         2
 Poisonous Vapours        Pois/Air       6%         N/A       99%         2
 Spider Form              Tmut/Pois      10%        N/A       99%         3
 Frozen Ramparts          Ice            6%         1d1       100%        3
 Gell's Gravitas          Tloc           3%         N/A       100%        3
 Hailstorm                Conj/Ice       3%         3d3       100%        3
 Mephitic Cloud           Conj/Pois/Air  3%         N/A       100%        3
 Portal Projectile        Hex/Tloc       6%         N/A       100%        3
 Swiftness                Air            3%         N/A       100%        3
 Teleport Other           Tloc           3%         N/A       100%        3
 Vhi's Electric Charge    Tloc/Air       6%         N/A       100%        3
 Volatile Blastmotes      Fire/Tloc      6%         2d10      100%        3
 Anguish                  Hex/Necr       1%         N/A       100%        4
 Fulminant Prism          Conj/Hex       1%         3d5       100%        4
 Iskenderun's Mystic Bla  Conj/Tloc      3%         2d3       100%        4
 Leda's Liquefaction      Hex/Erth       1%         N/A       100%        4
 Petrify                  Tmut/Erth      10%        N/A       100%        4
 Arcjolt                  Conj/Air       1%         1d11      100%        5
 Blade Hands              Tmut           8%         N/A       100%        5
 Freezing Cloud           Conj/Ice/Air   1%         6-21      100%        5
 Lee's Rapid Deconstruct  Erth           1%         3d4*      100%        5
 Metabolic Englaciation   Hex/Ice        1%         N/A       100%        5
 Dispersal                Tloc           1%         N/A       100%        6
 Iron Shot                Conj/Erth      1%         9d1       100%        6
 Statue Form              Tmut/Erth      6%         N/A       100%        6
 Maxwell's Capacitive Co  Air            1%         ∞         100%        8
 Summon Small Mammal      Summ           Unusable   N/A       N/A         1
 Call Imp                 Summ           Unusable   N/A       N/A         2
 Call Canine Familiar     Summ           Unusable   N/A       N/A         3
 Summon Guardian Golem    Hex/Summ       Unusable   N/A       N/A         3
 Animate Armour           Summ/Erth      Unusable   N/A       N/A         4

Dungeon Overview and Level Annotations

Branches:
Dungeon (15/15)            Temple (1/1) D:7            Lair (5/5) D:11
  Swamp (0/4) Lair:2        Snake (0/4) Lair:2        Slime (0/5) Lair:5
    Orc (2/2) D:11            Elf (0/3) Orc:2        Vaults (2/5) D:13
 Depths (0/4) D:15         Bailey (visited)           IceCv (visited)
Desolation (visited)
  Crypt: Vaults:2-3

Altars:
Ashenzari
Cheibriados
Dithmenos
Elyvilon
Fedhas
Gozag
Hepliaklqana
Kikubaaqudgha
Makhleb
Nemelex Xobeh
Okawaru
Qazlal
Ru
Sif Muna
Trog
Uskayaw
Vehumet
Wu Jian
Xom
Yredelemnul
Zin
The Shining One

Shops:
D:7 [   D:8 =   D:9 (   Orc:2 [([*   Vaults:1 [

Annotations:
D:9 exclusion: obsidian statue
Lair:4 1 runed translucent door, suzumiya's ghost, journeyman MiFi


Innate Abilities, Weirdness & Mutations

You have a pair of horns on your head.
You reflexively headbutt those who attack you in melee.
You are partially covered in large bone plates. (SH +4)
Your magical capacity is low. (-10% MP)
You are strong-willed. (Will+)
Your spells are a little harder to cast, but a little more powerful.


Message History

Okawaru accepts your kill. You block the vault guard's attack.
The yaktaur captain shoots a bolt.
The bolt barely misses you.
Unknown command.
The ironbound convoker points at the vault guard and mumbles some strange words.
The vault guard seems to grow stronger.
The vault guard hits you with a +0 halberd.
The vault guard hits you with a +0 battleaxe!!
The yaktaur captain unwields a +0 arbalest.
The yaktaur captain hits you.
There is an open door, spattered with blood here.
Unknown command.
The vault guard hits you but does no damage.
The ironbound convoker points at something and mumbles some strange words.
The yaktaur captain wields a +0 arbalest.
The yaktaur captain shoots a bolt.
The bolt completely misses you.
Unknown command.
Unknown command.
The yaktaur captain shoots a bolt.
The bolt hits you!!
* * * LOW HITPOINT WARNING * * *
Unknown command.
There is an open door, spattered with blood here.
Okay, then.
The vault guard attacks as you move away!
The vault guard hits you with a +0 battleaxe!!
* * * LOW HITPOINT WARNING * * *
The vault guard attacks as you move away!
You block the vault guard's attack.
The vault guard attacks as you move away!
The vault guard hits you but does no damage.
The vault guard attacks as you move away!
The vault guard hits you with a +0 battleaxe!
* * * LOW HITPOINT WARNING * * *
The vault guard attacks as you move away!
The vault guard hits you but does no damage.
There is a stone staircase leading up here.
The vault guard hits you from afar with a +0 halberd.
* * * LOW HITPOINT WARNING * * *
The vault guard hits you with a +0 battleaxe!
You die...

...........##############...#
####p####### #...# .....p..#
#....# ........# ##...#
....c...# #.....
..>.....############ ##.....
........#....(.....# #....>
........#(.........### ##...
........'.pc...p@..#.###
........#.....p....#...###
#####'###..........#.....##
.......##..........'......#
.......#########'###......#
.......# #......# #......#
.......# #......# #.....##
.......# #>.....# #...###
.......# #......# #.###


You could see a yaktaur captain, 2 vault guards and an ironbound convoker.

Vanquished Creatures
  Zenata (Vaults:1)
  3 sphinxes (Vaults:2)
  Kirke (Lair:5)
  Louise (D:15)
  2 orc warlords
  6 ironbound preservers
  An ironbound thunderhulk (Vaults:2)
  9 dire elephants
  Josephine (Orc:1)
  An ettin (D:13)
  A ragged hierophant (Desolation)
  A deep elf high priest (Vaults:1)
  3 great orbs of eyes (Vaults:1)
  4 hydras
  A servant of whispers (Desolation)
  3 peacekeepers
  4 ogre magi
  2 ice dragons
  4 centaur warriors
  4 catoblepae
  6 ironbound frosthearts
  4 boulder beetles
  8 death yaks
  2 deep troll earth magi (Vaults:2)
  11 two-headed ogres
  The ghost of zazu2006 the Fighter, a novice GnWn of Vehumet (D:7)
  2 tengu warriors
  Urug (Lair:4)
  4 orc high priests
  A sun demon (D:11)
  Nergalle (D:10)
  An iron troll (Vaults:2)
  A skeletal warrior (D:15)
  A glowing orange brain (Vaults:1)
  20 deep trolls
  A golden dragon zombie (D:15)
  2 skysharks
  4 lindwurms
  2 wizards
  3 harpies (Vaults:1)
  A necromancer (D:15)
  6 ironbound convokers
  4 orc knights
  4 deep elf pyromancers
  6 cyclopes
  A frost giant zombie (D:15)
  3 orc sorcerers
  6 ugly things (D:15)
  15 elephants
  2 manticores (Lair:5)
  2 ice statues (IceCv)
  Maurice (D:8)
  3 vault sentinels
  A guardian serpent (Desolation)
  A molten gargoyle (Desolation)
  2 gargoyles (D:13)
  A black mamba (Lair:4)
  7 rime drakes
  A komodo dragon (shapeshifter) (D:13)
  2 yaktaurs (Vaults:1)
  8 cane toads
  3 unseen horrors
  A kobold demonologist (D:12)
  9 komodo dragons
  A guardian mummy (D:15)
  2 tengu conjurers
  6 trolls
  A red devil (D:11)
  4 polar bears
  Grinder (D:6)
  3 hornets
  11 saltlings (Desolation)
  An ettin zombie (D:15)
  8 blink frogs
  A spriggan zombie (D:15)
  19 slime creatures
  57 yaks
  2 vampires
  3 shadows
  2 water elementals (D:15)
  6 wyverns
  8 wraiths
  3 humans (Lair:5)
  6 vampire mosquitoes
  A human (shapeshifter) (D:14)
  2 basilisks (Lair:5)
  3 chaos spawn (D:11)
  A steam dragon (Lair:3)
  A neqoxec (D:11)
  4 nagas (Lair:2)
  Menkaure (D:6)
  11 wargs
  11 water moccasins
  3 acid dragons
  A swamp worm (shapeshifter) (D:13)
  39 orc warriors
  4 sky beasts
  A swamp drake (Orc:1)
  2 ice beasts
  A black bear (D:6)
  A wolf (Lair:4)
  10 ogres
  7 centaurs
  A phantom (D:6)
  Blork the orc (D:6)
  3 kobold brigands
  16 bullfrogs
  3 scorpions
  3 wights (D:8)
  25 killer bees
  A lindwurm simulacrum (IceCv)
  7 electric eels
  15 howler monkeys
  A crimson imp (Orc:1)
  5 komodo dragon simulacra (IceCv)
  3 hounds
  2 jellies
  A quasit (D:11)
  An iron imp (Orc:1)
  23 orc priests
  5 iguanas
  Natasha (thrice) (D:4)
  28 orc wizards
  2 sleepcaps
  3 gnolls (D:3)
  10 acid dragon simulacra (IceCv)
  7 adders
  A shadow imp (Orc:1)
  3 white imps
  An ufetubus (D:5)
  5 steam dragon simulacra (IceCv)
  3 worms
  4 dart slugs
  113 orcs
  8 ball pythons
  A bat zombie (D:10)
  6 endoplasms
  4 giant cockroaches
  8 goblins
  7 hobgoblins
  7 quokkas
  7 bats (D:1)
  3 frilled lizards
  22 kobolds
  5 rats
  2 rat zombies (D:10)
847 creatures vanquished.

Vanquished Creatures (others)
  An unseen horror (D:13)
  An orc warrior (Orc:1)
  An orc (Orc:1)
3 creatures vanquished.

Grand Total: 850 creatures vanquished

Notes
Turn   | Place    | Note
-------+----------+-------------------------------------------
     0 | D:1      | howech the Minotaur Gladiator began the quest for the Orb.
     0 | D:1      | Reached XP level 1. HP: 18/18 MP: 0/0
    48 | D:1      | Reached XP level 2. HP: 25/25 MP: 1/1
    53 | D:1      | Reached skill level 1 in Invocations
   292 | D:1      | Reached XP level 3. HP: 30/30 MP: 3/3
  1464 | D:2      | Reached XP level 4. HP: 35/38 MP: 4/4
  1556 | D:2      | Reached skill level 1 in Armour
  1556 | D:2      | Reached skill level 2 in Invocations
  1814 | D:3      | Found a blossoming altar of Fedhas.
  2511 | D:4      | Found a large runed translucent door.
  2512 | D:4      | Found a large runed translucent door.
  2533 | D:4      | Reached XP level 5. HP: 45/45 MP: 5/5
  2755 | D:4      | Found a hazy altar of Hepliaklqana.
  2861 | D:4      | Noticed Natasha
  2872 | D:4      | Killed Natasha
  3011 | D:4      | Noticed Natasha
  3026 | D:4      | HP: 2/45 [Natasha (6)]
  3027 | D:4      | Killed Natasha
  3051 | D:4      | Noticed Natasha
  3503 | D:4      | Reached skill level 3 in Invocations
  3626 | D:4      | Killed Natasha
  3744 | D:4      | Found a shimmering blue altar of Sif Muna.
  3758 | D:4      | Found an ornate altar of the Wu Jian Council.
  3762 | D:4      | Reached XP level 6. HP: 51/51 MP: 7/7
  3787 | D:5      | Entered Level 5 of the Dungeon
  3938 | D:5      | Noticed a water moccasin
  3950 | D:5      | Killed a water moccasin
  4043 | D:5      | Reached XP level 7. HP: 59/59 MP: 8/8
  4074 | D:5      | Reached skill level 5 in Staves
  4074 | D:5      | Reached skill level 4 in Invocations
  4871 | D:6      | Reached skill level 5 in Dodging
  4871 | D:6      | Reached skill level 5 in Invocations
  4871 | D:6      | Reached XP level 8. HP: 51/67 MP: 10/10
  4960 | D:6      | Reached skill level 5 in Fighting
  4998 | D:6      | Noticed Blork the orc
  5007 | D:6      | Killed Blork the orc
  5101 | D:6      | Noticed Grinder
  5121 | D:6      | Killed Grinder
  5122 | D:6      | Reached skill level 6 in Invocations
  5269 | D:6      | Found a radiant altar of Vehumet.
  5269 | D:6      | You fall into a shaft and drop 1 floor!
  5369 | D:6      | Found a hide-covered altar of Uskayaw.
  5369 | D:6      | Noticed an unseen horror
  5390 | D:6      | Killed an unseen horror
  5391 | D:6      | Reached skill level 5 in Throwing
  5391 | D:6      | Reached skill level 5 in Armour
  5826 | D:6      | Noticed Menkaure
  5839 | D:6      | Killed Menkaure
  5850 | D:6      | Learned a level 2 spell: Passwall
  5872 | D:6      | Reached XP level 9. HP: 50/74 MP: 13/13
  6244 | D:7      | Reached skill level 7 in Invocations
  6349 | D:7      | Found a transporter.
  6353 | D:7      | Found a transporter.
  6355 | D:7      | Noticed zazu2006's ghost (novice GnWn)
  6415 | D:7      | Found Siet's Armour Shoppe.
  6739 | D:8      | Found Egitir's Jewellery Shop.
  7117 | D:7      | Found a staircase to the Ecumenical Temple.
  7122 | Temple   | Entered the Ecumenical Temple
  7184 | Temple   | Became a worshipper of Warmaster Okawaru
  7526 | D:8      | Reached skill level 8 in Invocations
  8110 | D:7      | Bought a +1 scale mail of poison resistance for 143 gold
                  | pieces
  8256 | D:8      | Reached * piety under Okawaru
  8280 | D:8      | Reached XP level 10. HP: 41/84 MP: 13/15
  8308 | D:8      | Reached ** piety under Okawaru
  8309 | D:8      | Reached skill level 9 in Invocations
  8702 | D:8      | Noticed Maurice
  8724 | D:8      | Killed Maurice
  8824 | D:8      | Found a shimmering altar of Xom.
  9108 | D:9      | Found a sparkling altar of Nemelex Xobeh.
  9225 | D:9      | Found a glowing golden altar of the Shining One.
  9310 | D:9      | Found a burning altar of Makhleb.
  9311 | D:9      | Gained mutation: Your muscles are strong. (Str +4, Int/Dex
                  | -1) [potion of mutation]
  9311 | D:9      | Gained mutation: Your body sometimes deteriorates upon
                  | taking damage. [potion of mutation]
  9311 | D:9      | Gained mutation: You passively dampen the noise of your
                  | surroundings. [potion of mutation]
  9311 | D:9      | Gained mutation: You are agile. (Dex +4, Str/Int -1)
                  | [potion of mutation]
  9607 | D:9      | Noticed an obsidian statue
  9717 | D:9      | Found Veepsit's Firing Range.
  9722 | D:9      | Bought a throwing net for 39 gold pieces
 10213 | D:10     | Entered Level 10 of the Dungeon
 10281 | D:10     | Reached *** piety under Okawaru
 10290 | D:10     | Reached skill level 10 in Invocations
 10761 | D:10     | Found a flagged portal.
 10778 | Bailey   | Entered a bailey
 10899 | Bailey   | Found a large runed translucent door.
 10899 | Bailey   | Found a large runed translucent door.
 10904 | Bailey   | Noticed a deep elf pyromancer
 10904 | Bailey   | Noticed an orc knight
 10923 | Bailey   | Reached XP level 11. HP: 21/94 MP: 17/17
 11216 | D:10     | Reached **** piety under Okawaru
 11222 | D:10     | Reached skill level 1 in Evocations
 11293 | D:10     | Noticed Nergalle
 11303 | D:10     | Killed Nergalle
 11444 | D:10     | Found a basalt altar of Yredelemnul.
 11458 | D:10     | Found a bloodstained altar of Trog.
 11664 | D:10     | Found an ancient bone altar of Kikubaaqudgha.
 12095 | D:10     | Found a sacrificial altar of Ru.
 12182 | D:11     | Gained mutation: You occasionally lose the ability to read
                  | scrolls when taking damage. [a neqoxec]
 12410 | D:11     | Found a staircase to the Lair.
 12680 | D:11     | Found a staircase to the Orcish Mines.
 12705 | Lair:1   | Entered Level 1 of the Lair of Beasts
 13048 | Lair:1   | Received a gift from Okawaru
 13076 | Lair:1   | Reached skill level 11 in Invocations
 13082 | Lair:1   | Received a gift from Okawaru
 13348 | Lair:1   | Received a gift from Okawaru
 13363 | Lair:1   | Found the ring of the Octopus King
 13613 | Lair:1   | Received a gift from Okawaru
 13867 | Lair:1   | Identified a ring of the Octopus King {rF+ HP+2 AC+2 EV+2
                  | SH+2}
 14004 | Lair:1   | Reached skill level 1 in Transmutations
 14087 | Lair:1   | Reached XP level 12. HP: 84/104 MP: 19/19
 14548 | Lair:2   | Noticed a five-headed hydra
 14558 | Lair:1   | Killed a five-headed hydra
 14559 | Lair:1   | Reached skill level 1 in Spellcasting
 14637 | Lair:2   | Found a staircase to the Swamp.
 14799 | Lair:2   | Reached ***** piety under Okawaru
 14817 | Lair:2   | Received a gift from Okawaru
 15001 | Lair:2   | Noticed a catoblepas
 15028 | Lair:2   | Killed a catoblepas
 15878 | Lair:2   | Found a staircase to the Snake Pit.
 15919 | Lair:2   | Reached skill level 10 in Staves
 15921 | Lair:2   | Received a gift from Okawaru
 16983 | Lair:3   | Noticed a six-headed hydra
 16992 | Lair:3   | Killed a six-headed hydra
 16992 | Lair:3   | Received a gift from Okawaru
 17050 | Lair:3   | Reached skill level 12 in Invocations
 17745 | Lair:3   | Received a gift from Okawaru
 18055 | Lair:4   | Noticed Urug
 18360 | Lair:4   | Received a gift from Okawaru
 18503 | Lair:4   | Found a frozen archway.
 18504 | Lair:4   | Noticed an ice dragon
 18549 | Lair:4   | Killed an ice dragon
 18550 | Lair:4   | Reached skill level 10 in Fighting
 18550 | Lair:4   | Reached skill level 1 in Axes
 18550 | Lair:4   | Reached skill level 10 in Armour
 18607 | IceCv    | Entered an ice cave
 18613 | IceCv    | Reached XP level 13. HP: 38/113 MP: 21/21
 19470 | IceCv    | Identified the ring of the Trilobite {Drain +Blink rC-
                  | rN+++ Int+6}
 19849 | Lair:4   | Killed Urug
 19966 | Lair:4   | Found a runed translucent door.
 19967 | Lair:4   | Found a shimmering altar of Xom.
 19967 | Lair:4   | Noticed suzumiya's ghost (journeyman MiFi)
 20782 | Lair:3   | Lost mutation: You passively dampen the noise of your
                  | surroundings. [potion of mutation]
 20782 | Lair:3   | Lost mutation: Your muscles are strong. (Str +4, Int/Dex
                  | -1) [potion of mutation]
 20782 | Lair:3   | Lost mutation: You are agile. (Dex +4, Str/Int -1) [potion
                  | of mutation]
 20782 | Lair:3   | Lost mutation: Your body sometimes deteriorates upon taking
                  | damage. [potion of mutation]
 20783 | Lair:3   | Lost mutation: You occasionally lose the ability to read
                  | scrolls when taking damage. [potion of mutation]
 20783 | Lair:3   | Gained mutation: Your spells are a little harder to cast,
                  | but a little more powerful. [potion of mutation]
 20783 | Lair:3   | Gained mutation: Your magical capacity is low. (-10% MP)
                  | [potion of mutation]
 20783 | Lair:3   | Gained mutation: You are strong-willed. (Will+) [potion of
                  | mutation]
 20783 | Lair:3   | Gained mutation: You are partially covered in large bone
                  | plates. (SH +4) [potion of mutation]
 20889 | Lair:5   | Entered Level 5 of the Lair of Beasts
 20889 | Lair:5   | Found a staircase to the Slime Pits.
 20895 | Lair:5   | Noticed Kirke
 21122 | Lair:5   | Noticed a sphinx
 21140 | Lair:5   | Killed Kirke
 21860 | Lair:5   | Identified the +1 pair of gloves of Sunlight {rF- Dex+4}
                  | (Okawaru gifted it to you on level 5 of the Lair of Beasts)
 21860 | Lair:5   | Received a gift from Okawaru
 22005 | Lair:4   | Reached skill level 5 in Evocations
 22665 | Lair:5   | Reached skill level 5 in Axes
 22665 | Lair:5   | Reached skill level 10 in Dodging
 22801 | Lair:5   | Identified the +0 ring mail of the New World {Harm rC+}
 23434 | Lair:5   | Reached skill level 13 in Invocations
 23678 | Lair:5   | Reached XP level 14. HP: 122/122 MP: 20/20
 24028 | Lair:5   | Identified the +12 plate armour of Autotheism {Harm rElec
                  | rF+ Stlth+}
 24291 | Orc:1    | Entered Level 1 of the Orcish Mines
 24662 | Orc:1    | Identified the +1 hat of Jozetziwn {Harm +Blink rElec
                  | Str-3}
 24716 | Orc:1    | Noticed an orc warlord
 24745 | Orc:1    | Killed an orc warlord
 25010 | Orc:2    | Entered Level 2 of the Orcish Mines
 25049 | Orc:2    | Found a staircase to the Elven Halls.
 25370 | Orc:2    | Found Peinkisk's Antique Armour Shop.
 25673 | Orc:2    | Noticed an orc warlord
 25728 | Orc:2    | Killed an orc warlord
 25728 | Orc:2    | Received a gift from Okawaru
 25768 | Orc:2    | Found Lourphouh's Antique Weapon Boutique.
 25774 | Orc:2    | Found Saogrieg's Antique Armour Shop.
 25939 | Orc:2    | Received a gift from Okawaru
 25940 | Orc:2    | Found Xyojymna's General Store.
 26421 | Orc:1    | Noticed Josephine
 26623 | Orc:1    | Killed Josephine
 27078 | D:7      | Killed zazu2006's ghost
 28419 | D:12     | Found a shadowy altar of Dithmenos.
 29515 | D:13     | Received a gift from Okawaru
 29595 | D:13     | Reached XP level 15. HP: 130/130 MP: 21/21
 30365 | D:13     | Found a gate to the Vaults.
 30803 | D:14     | Reached ****** piety under Okawaru
 30803 | D:14     | Identified the +2 chain mail of Unash {Str+2 Stlth+}
                  | (Okawaru gifted it to you on level 14 of the Dungeon)
 30803 | D:14     | Received a gift from Okawaru
 31535 | D:14     | Reached skill level 5 in Transmutations
 31782 | D:15     | Entered Level 15 of the Dungeon
 31782 | D:15     | Noticed Louise
 31782 | D:15     | Found a basalt altar of Yredelemnul.
 31787 | D:14     | Reached skill level 14 in Invocations
 31828 | D:15     | Killed Louise
 32451 | D:15     | Found a staircase to the Depths.
 33115 | Vaults:1 | Entered Level 1 of the Vaults
 33151 | Vaults:1 | Noticed Zenata
 33165 | Vaults:1 | Killed Zenata
 33203 | Vaults:1 | Received a gift from Okawaru
 33542 | Vaults:1 | Received a gift from Okawaru
 33614 | Vaults:1 | Identified the +6 buckler of Loaqidip {rElec Dex+2}
                  | (Okawaru gifted it to you on level 1 of the Vaults)
 33614 | Vaults:1 | Received a gift from Okawaru
 33615 | Vaults:1 | Reached XP level 16. HP: 87/140 MP: 15/23
 33794 | Vaults:1 | Found a crumbling gateway.
 33812 | Vaults:1 | Reached skill level 5 in Spellcasting
 33819 | Desolati | Entered the Desolation of Salt
 34109 | Desolati | Reached skill level 15 in Invocations
 35222 | Vaults:1 | Found Garetab's Armour Shop.
 35533 | Vaults:1 | Received a gift from Okawaru
 35786 | Vaults:1 | Paralysed by a great orb of eyes for 2 turns
 35795 | Vaults:1 | Received a gift from Okawaru
 36047 | Vaults:2 | Noticed a sphinx
 36061 | Vaults:2 | Killed a sphinx
 36321 | Vaults:2 | Noticed a sphinx
 36330 | Vaults:2 | Noticed a sphinx
 36359 | Vaults:2 | Paralysed by a sphinx for 3 turns
 36363 | Vaults:2 | Killed a sphinx
 36374 | Vaults:2 | Reached skill level 10 in Axes
 36381 | Vaults:2 | Paralysed by a sphinx for 5 turns
 36393 | Vaults:2 | Killed a sphinx
 36393 | Vaults:2 | Received a gift from Okawaru
 36393 | Vaults:2 | Found the +18 Lear's hauberk
 36399 | Arena    | Entered the Arena
 36460 | Vaults:2 | HP: 3/146 [vault guard/+0 battleaxe (9)]
 36463 | Vaults:2 | Mangled by a vault guard

Illustrated notes

Levels and vault maps discovered:
D:1:      spicycebolla_arrival_xxxplode, layout_basic, hex_medium,
          serial_bayou_lagoon_b
D:2:      layout_loops_corners
D:3:      layout_loops_corners, mainiacjoe_overflow_surrounded_room
D:4:      layout_basic, mainiacjoe_overflow_alcove_1, jmf_multi_god_temple2,
          uniq_natasha
D:5:      layout_basic, chequers_jeans, serial_bayou_crossing
D:6:      layout_loops_ring, nicolae_uskayaw_murder_on_the_dancefloor,
          nicolae_vehumet_radiance, uniq_blork_the_orc, uniq_grinder,
          uniq_menkaure
D:7:      layout_rooms, minmay_temple_entry_nine_rooms, gammafunk_ghost_hive,
          nicolae_take_the_stairs
D:8:      layout_basic, lemuel_round_altar, serial_shops, shop, kennysheep_dice,
          uniq_maurice
D:9:      minmay_statue_hallways, layout_gridville,
          mainiacjoe_overflow_concentric_impassable, tso_oasis_becter,
          nemelex_diamond_rough_becter, amcnicky_mini_corridor_feature,
          nicolae_shop_firing_range
D:10:     layout_stronghold, nicolae_ru_path_of_blood,
          grunt_temple_overflow_open, lemuel_zombie_altar_kikubaaqudgha,
          enter_bailey_3, uniq_nergalle
D:11:     layout_stronghold, erik_lair_orcish_takeover,
          minmay_orc_entry_guard_dogs, serial_demonic, serial_demonic_g,
          serial_demonic_b, serial_demonic_b, serial_demonic_g,
          serial_demonic_c, serial_demonic_b
D:12:     layout_layer_cave, grunt_dithmenos_smoke
D:13:     layout_roguey, david_vaults_4, serial_corexii_hall,
          corexii_hall_statues_l, corexii_hall_statues_t,
          hangedman_decor_peaks_small
D:14:     layout_basic
D:15:     gammafunk_depths_entry_grave, layout_cross, skrybe_limestone_x,
          minmay_crystal_water, yredelemnul_altar_generic, uniq_louise
Temple:   nicolae_temple_ecumenical_triangle
Lair:1:   layout_gridlike, minivault_24
Lair:2:   layout_small_grid, minmay_swamp_entry_eels,
          minmay_snake_entry_guardpost_small, grunt_forest_small_clearing_treed,
          grunt_megastairs_1
Lair:3:   layout_concentric_octagons, grunt_megastairs_2
Lair:4:   layout_roguey, portal_ice_cave_entry_animals_and_master,
          ebering_ghost_xom, amcnicky_mini_pool_medium, uniq_urug
Lair:5:   evilmike_catoblepas_cave, layout_regular_city, slime_entry_1,
          infiniplex_staircase_pool, lemuel_fruit_tree, uniq_kirke
Orc:1:    layout_diamond_mine, hangedman_minor_magic, uniq_josephine
Orc:2:    grunt_orc_community_town_hall, layout_caves,
          grunt_orc_community_big_house_2, grunt_orc_community_big_house_2,
          grunt_orc_community_house_3, grunt_orc_community_house_1,
          grunt_orc_community_house_2, grunt_orc_community_house_1,
          grunt_orc_community_house_2, grunt_orc_community_house_3, basic_altar
Vaults:1: portal_desolation_entry_twin_temple, nicolae_vaults_tetromino_L_2,
          v_pattern_2, nicolae_vaults_doubleplus_tesselated,
          nicolae_vaults_surprise_closet_hard, vaults_dpeg_cross,
          nicolae_vaults_yaktaur_gun_rack, nicolae_vaults_cochlea,
          nicolae_vaults_alarming, v_misc_29, v_misc_15, layout_vaults_big_room,
          serial_shops, shop_fountains, uniq_zenata
Vaults:2: nicolae_vaults_stairing_the_circle, minmay_crypt_entry_simple_walls,
          vaults_mumra_minichess_inversion, ontoclasm_vaults_bender, v_rooms_6,
          hangedman_vaults_snaps, v_misc_17, nicolae_vaults_holding_cells,
          ontoclasm_vaults_eye, nicolae_vaults_shrinking_rooms_1,
          nicolae_vaults_little_squares_2, nicolae_vaults_specimen_jars,
          nicolae_vaults_house_2, vaults_dpeg_spiral,
          nicolae_vaults_trapezoid_2, layout_vaults_maze_bifur,
          serial_hangedman_research, hangedman_research_quantum,
          hangedman_research_toxicology, serial_shops, nicolae_shop_trees

Skill      XL: |  1  2  3  4  5  6  7  8  9 10 11 12 13 14 15 16 |
---------------+-------------------------------------------------+-----
Invocations    | 1 2 3 5 6 8 10 11 12 13 14 15 | 15.9
Staves         | 4 5 6 8 9 10 12 13 14 | 14.0
Fighting       | 3 4 5 6 8 9 10 11 12 13 | 13.3
Armour         | 1 2 3 5 6 8 9 10 11 12 13 | 13.3
Dodging        | 4 5 6 7 8 9 10 11 12 | 12.4
Throwing       | 3 4 5 |  5.0
Evocations     | 3 4 5 6 7 8 |  8.2
Transmutations | 1 2 3 4 5 |  5.0
Spellcasting   | 2 3 4 5 |  5.0
Axes           | 1 5 7 8 10 | 10.0

Action                     |  1- 3 |  4- 6 |  7- 9 | 10-12 | 13-15 | 16-18 || total
---------------------------+-------+-------+-------+-------+-------+-------++-------
  Melee: Quarterstaff      |    78 |   106 |   263 |   803 |   585 |       ||  1835
         Headbutt          |     9 |    15 |    51 |   216 |   490 |   160 ||   941
         Lajatang          |       |       |       |       |  1110 |   424 ||  1534
  Throw: Throwing net      |       |     3 |       |     3 |     3 |       ||     9
         Javelin           |       |     1 |     6 |    17 |   121 |       ||   145
         Dart              |       |       |    31 |   115 |     6 |       ||   152
         Boomerang         |       |       |       |       |    26 |    14 ||    40
 Invoke: Heroism           |       |       |     1 |    11 |    14 |     4 ||    30
         Finesse           |       |       |       |     1 |     9 |     1 ||    11
         Duel              |       |       |       |       |       |     1 ||     1
  Evoke: Wand              |       |       |       |     2 |       |     1 ||     3
    Use: Scroll            |     3 |     4 |     6 |    16 |    12 |     1 ||    42
         Potion            |       |     1 |     1 |    12 |    10 |     5 ||    29
   Stab: Held in net/web   |       |     2 |       |     1 |     2 |       ||     5
         Invisible         |       |       |     1 |       |     4 |       ||     5
         Sleeping          |       |       |     1 |       |       |       ||     1
         Petrified         |       |       |       |       |     6 |       ||     6
         Petrifying        |       |       |       |       |     1 |       ||     1
         Paralysed         |       |       |       |       |       |     1 ||     1
 Armour: Leather armour    |    21 |    25 |   113 |       |       |       ||   159
         Scale mail        |       |       |     5 |   322 |    73 |       ||   400
         Crystal plate arm |       |       |       |       |   585 |       ||   585
         Plate armour      |       |       |       |       |   261 |   354 ||   615
  Dodge: Dodged            |    48 |    63 |   199 |   560 |   558 |   254 ||  1682
  Block: Other             |       |       |       |    15 |   304 |   116 ||   435
